 Dungeon Crawl Stone Soup version 0.29-a0-356-g7bc237e783 (webtiles) character file.

Game seed: 9611768723823975631

97 spaghetti the Skirmisher (level 4, 0/49 HPs)
             Began as an Ogre Fighter on Apr 25, 2022.
             Was an Initiate of Ru.
             Slain by a gnoll
             ... wielding a +0 halberd
              (12 damage)
             ... on level 5 of the Dungeon.
             The game lasted 00:09:22 (2368 turns).

spaghetti the Skirmisher (Ogre Fighter)             Turns: 2368, Time: 00:09:23

Health: 0/49       AC:  3    Str: 20    XL:     4   Next: 68%
Magic:  4/4        EV: 12    Int: 11    God:    Ru [......]
Gold:   130        SH:  7    Dex:  8    Spells: 3/3 levels left

rFire   . . .      SeeInvis .     - Unarmed
rCold   . . .      Faith    .   b - +0 kite shield
rNeg    . . .      Spirit   .   a - +0 robe
rPois   .          Reflect  .   (helmet restricted)
rElec   .          Harm     .   (no cloak)
rCorr   .          Rampage  .   (gloves unavailable)
Will    .....                   (boots unavailable)
Stlth   ..........              (no amulet)
HPRegen 0.16/turn               i - +4 ring of evasion
MPRegen 0.09/turn               (no ring)

@: mighty, flying, hasted, very quick
A: large, unfitting armour, tough skin 1, no stealth
a: Renounce Religion


You were on level 5 of the Dungeon.
You worshipped Ru.
Ru was noncommittal.
You visited 1 branch of the dungeon, and saw 4 of its levels.

You collected 130 gold pieces.


Innate Abilities, Weirdness & Mutations

You are too large for most types of armour.
You have tough skin. (AC +1)
You cannot be stealthy.


   Skills:
 + Level 4.9 Fighting
 + Level 3.3 Dodging
 + Level 3.3 Shields
 * Level 2.7 Unarmed Combat


You had 3 spell levels left.
You didn't know any spells.
Your spell library contained the following spells:

 Spells                   Type           Power      Damage    Failure   Level
 Conjure Flame            Conj/Fire      0%         6-21      94%         3
 Ignite Poison            Fire/Tmut/Pois 0%         N/A       94%         3
 Sticky Flame             Conj/Fire      0%         2d3       100%        4

Inventory:

Hand Weapons
 e - a +0 short sword {short}
   (You took it off a kobold on level 1 of the Dungeon)
 f - a +0 dagger {short}
   (You took it off a kobold on level 1 of the Dungeon)
 j - a +0 club {mace}
   (You took it off a goblin on level 1 of the Dungeon)
 k - a +0 hand axe {axe}
   (You found it on level 1 of the Dungeon)
 l - a +0 short sword {short}
   (You took it off a kobold on level 2 of the Dungeon)
 n - a +0 whip {mace}
   (You found it on level 2 of the Dungeon)
 o - a +0 club {mace}
   (You took it off a goblin on level 2 of the Dungeon)
 p - a +0 fustibalus {sling}
   (You found it on level 2 of the Dungeon)
 t - a +0 club {mace}
   (You took it off a goblin on level 2 of the Dungeon)
 u - a +0 club {mace}
   (You took it off a goblin on level 3 of the Dungeon)
Missiles
 g - 65 stones (quivered) {throwing}
Armour
 a - a +0 robe (worn)
 b - a +0 kite shield (worn)
Jewellery
 i - a +4 ring of evasion (left hand)
   (You found it on level 1 of the Dungeon)
Scrolls
 d - a scroll of fog {unknown}
 h - 2 scrolls of teleportation {unknown}
 m - 3 scrolls of identify {unknown}
 q - a scroll of vulnerability {unknown}
 s - a scroll of fear {unknown}
Potions
 c - a potion of might
 r - 2 potions of haste {@q3}
 v - 2 potions of flight
 w - a potion of curing {@q1}

Dungeon Overview and Level Annotations

Branches:
Dungeon (3/15)

Altars:
Ru

Shops:
D:2

[ #... ####.... .......
#.......#
#..##...#########
#..##...##......#
#..##...##......#
#...............#
#...........@g..#
#.......#####o###
#...†...# ..gg#
#..##...# .....(.
#..#######.....!(.
##'##..............#
#..##....†.............(
#..#...##...##.....##..(
#..##..####'## ...


You could see 3 gnolls and an orc.


Message History

You are too injured to fight recklessly!
You are too injured to fight recklessly!
You are too injured to fight recklessly!
You are too injured to fight recklessly!
You are too injured to fight recklessly!
You are too injured to fight recklessly!
You are too injured to fight recklessly!
You are too injured to fight recklessly!
You are too injured to fight recklessly!
You are too injured to fight recklessly!
You are too injured to fight recklessly!
You are too injured to fight recklessly!
You hit the adder but do no damage. The adder bites you but does no damage.
You hit the adder. The adder misses you.
You hit the adder.
You kill the adder! 😕 HP[+1]
An orc comes into view. It is wielding a +0 long sword.
An orc is nearby!
An orc is nearby!
An orc is nearby!
An orc is nearby!
You throw a stone {throwing}. The orc shouts!
The stone {throwing} hits the orc.
You hear a shout!
You throw a stone {throwing}.
The stone {throwing} barely misses the orc.
You throw a stone {throwing}. The stone {throwing} hits the orc.
You throw a stone {throwing}.
The stone {throwing} hits the orc but does no damage.
A gnoll comes into view. It is wielding a +0 halberd.
You hit the orc.
You kill the orc!
You throw a stone {throwing}.
The stone {throwing} barely misses the gnoll.
You throw a stone {throwing}.
The stone {throwing} barely misses the gnoll.
An orc comes into view. It is wielding a +0 club.
You throw a stone {throwing}.
The stone {throwing} completely misses the gnoll.
The orc shouts!
The stone {throwing} hits the orc but does no damage.
You hear a shout!
You throw a stone {throwing}. The stone {throwing} hits the gnoll.
The gnoll hits you from afar with a +0 halberd.
The gnoll barely misses you.
You throw a stone {throwing}.
The stone {throwing} hits the gnoll but does no damage.
You block the gnoll's attack.
You throw a stone {throwing}. The stone {throwing} hits the gnoll.
A gnoll comes into view. It is wielding a +0 club.
You block the gnoll's attack.
You throw a stone {throwing}.
The stone {throwing} closely misses the gnoll.
The gnoll shouts!
The gnoll hits you from afar with a +0 halberd!
You are too injured to fight recklessly!
You are too injured to fight recklessly!
You are too injured to fight recklessly!
You are too injured to fight recklessly!
You are too injured to fight recklessly!
You are too injured to fight recklessly!
You are too injured to fight recklessly!
You are too injured to fight recklessly!
You are too injured to fight recklessly!
You are too injured to fight recklessly! 😮 HP[-14]
You take 14 damage, and now have 33/49 hp.
MASSIVE DAMAGE!! (PAUSE) 😮 HP[+1] It was a potion of haste.
You feel yourself speed up.
The gnoll hits you from afar with a +0 halberd. 😮 HP[-2]
You take 2 damage, and now have 32/49 hp.
It was a potion of flight.
You feel very buoyant.
You fly up into the air.
The gnoll hits you from afar with a +0 halberd!
* * * LOW HITPOINT WARNING * * *
😨 HP[-10]
You take 10 damage, and now have 22/49 hp.
MASSIVE DAMAGE!! (PAUSE)
You feel very mighty all of a sudden.
A gnoll comes into view. It is wielding a +0 whip.
You block the gnoll's attack.
The gnoll shouts!
You barely miss the gnoll. You barely miss the gnoll.
You block the gnoll's attack. You block the orc's attack.
You barely miss the gnoll. You punch the gnoll!
The gnoll hits you with a +0 halberd!
* * * LOW HITPOINT WARNING * * *
The orc hits you with a +0 club.
* * * LOW HITPOINT WARNING * * *
😱 HP[-11]
You take 11 damage, and now have 11/49 hp.
MASSIVE DAMAGE!! (PAUSE)
You barely miss the gnoll. The gnoll hits you with a +0 halberd!
You die...

Skill      XL: |  1  2 |
---------------+-------+-----
Unarmed Combat | 2 |  2.7
Dodging        | 3 |  3.3
Shields        | 3 |  3.3
Fighting       | |  4.9

Action                   |  1- 3 |  4- 6 || total
-------------------------+-------+-------++-------
Melee: Unarmed           |   173 |    28 ||   201
Throw: Stone             |       |    13 ||    13
Invok: Sacrifice Stealth |     1 |       ||     1
  Use: Potion            |     2 |     3 ||     5
 Stab: Sleeping          |     1 |       ||     1
Armor: Robe              |    36 |     3 ||    39
Dodge: Dodged            |    87 |    10 ||    97
Block: Kite shield       |    63 |    13 ||    76

Levels and vault maps discovered:
D:1:      lightli_arrival_lavapool, layout_basic
D:2:      layout_basic, basic_ecumenical_altar, serial_shops, shop
D:3:      layout_loops_ring, serial_shops, shop, shop
D:5:      layout_gridville, gammafunk_ghost_nasty_kobolds

Notes
Turn   | Place    | Note
-------+----------+-------------------------------------------
     0 | D:1      | spaghetti the Ogre Fighter began the quest for the Orb.
     0 | D:1      | Reached XP level 1. HP: 24/24 MP: 1/1
     0 | D:1      | magus.rc [v1.9.6]
   486 | D:1      | Reached XP level 2. HP: 26/32 MP: 2/2
   490 | D:1      | Reached skill level 2 in Unarmed Combat
  1130 | D:2      | Reached skill level 3 in Dodging
  1130 | D:2      | Reached skill level 3 in Shields
  1130 | D:2      | Reached XP level 3. HP: 25/40 MP: 3/3
  1391 | D:2      | You add the spells Conjure Flame, Ignite Poison and Sticky
                  | Flame to your library.
  1436 | D:2      | Found Jirhy's Armour Boutique.
  1941 | D:2      | Found a faded altar of an unknown god.
  1949 | D:2      | Prayed at the altar of an unknown god.
  1949 | D:2      | Became a worshipper of Ru the Awakened
  1950 | D:2      | Gained mutation: You cannot be stealthy. [Ru sacrifice]
  2051 | D:3      | You fall into a shaft and drop 2 floors!
  2051 | D:5      | Entered Level 5 of the Dungeon
  2097 | D:5      | Reached XP level 4. HP: 36/49 MP: 4/4
  2367 | D:5      | HP: 11/49 [orc/+0 club (2)]
  2368 | D:5      | Slain by a gnoll

Vanquished Creatures
  A hound (D:5)
  4 adders
  A dart slug (D:2)
  An orc (D:5)
  An endoplasm (D:1)
  A giant cockroach (D:1)
  4 goblins
  2 hobgoblins
  3 kobolds
  2 ball pythons
  7 bats
  6 frilled lizards
  2 rats
35 creatures vanquished.

Table legend:
 A = Non-vault XP
 B = Vault XP
 C = Vault XP percentage of total XP
 D = Non-vault monster count
 E = Vault monster count
 F = Vault count percentage of total count
                 A         B        C        D         E       F
            +---------+---------+-------+---------+---------+-------
      Total |     139 |       0 |   0.0 |      35 |       0 |   0.0
            +---------+---------+-------+---------+---------+-------
        D:1 |      19 |       0 |   0.0 |      13 |       0 |   0.0
        D:2 |      47 |       0 |   0.0 |      16 |       0 |   0.0
        D:3 |       3 |       0 |   0.0 |       2 |       0 |   0.0
        D:5 |      70 |       0 |   0.0 |       4 |       0 |   0.0
            +---------+---------+-------+---------+---------+-------

Illustrated notes

Table legend:
 A = Kills in this place as a percentage of kills in entire the game.
 B = Kills by you in this place as a percentage of kills by you in the entire game.
 C = Kills by friends in this place as a percentage of kills by friends in the entire game.
 D = Other kills in this place as a percentage of other kills in the entire game.
 E = Experience gained in this place as a percentage of experience gained in the entire game.
 F = Experience gained in this place divided by the number of levels of this place that you have seen.
                   A       B       C       D       E      F
               +-------+-------+-------+-------+-------+----------------------
         Total | 100.0 | 100.0 |   N/A |   N/A | 100.0 |  34.8
       Dungeon | 100.0 | 100.0 |   N/A |   N/A | 100.0 |  34.8
               +-------+-------+-------+-------+-------+----------------------

Table legend: (Time is in decaauts)
 A = Elapsed time spent in this place.
 B = Non-inter-level travel time spent in this place.
 C = Inter-level travel time spent in this place.
 D = Time resting spent in this place.
 E = Time spent auto-exploring this place.
 F = Levels seen in this place.
 G = Mean time per level.
                   A        B        C        D        E       F      G
               +--------+--------+--------+--------+--------+-----+--------+
         Total |   2385 |   2305 |     80 |    396 |   1528 |   4 |  596.2 |
       Dungeon |   2385 |   2305 |     80 |    396 |   1528 |   4 |  596.2 |
               +--------+--------+--------+--------+--------+-----+--------+

Top non-repeatable levels by time:
     D:1: 1076 daAuts
     D:2: 903 daAuts
     D:5: 321 daAuts
     D:3: 83 daAuts
